 Dungeon Crawl Stone Soup version 0.30-a0-782-ge64f9170bb (webtiles) character file.

Game seed: 12287934028769405642

193270 pener the Minotaur Blade (level 18, 0/184 HPs)
             Began as a Minotaur Fighter on Feb 23, 2023.
             Was the Champion of Okawaru.
             Killed by the raging water
             ... invoked by a water nymph
              (28 damage)
             ... on level 4 of the Shoals.
             The game lasted 03:06:22 (27053 turns).

pener the Minotaur Blade (Minotaur Fighter)        Turns: 27053, Time: 03:06:22

Health: 0/184      AC: 28    Str: 26    XL:     18   Next: 6%
Magic:  26/30      EV: 14    Int:  5    God:    Okawaru [******]
Gold:   3718       SH:  0    Dex: 11    Spells: 17/17 levels left

rFire   + . .      SeeInvis +    o - +5 triple sword (vamp)
rCold   . . .      Faith    .    (shield currently unavailable)
rNeg    . . .      Spirit   .    c - +6 storm dragon scales {Bai Suzhen}
rPois   .          Reflect  .    (helmet restricted)
rElec   +          Harm     .    H - +0 cloak
rCorr   +          Rampage  .    u - +0 pair of gloves
Will    ++...      Clarity  +    W - +1 pair of boots of Ugrisups {Contam Regen+ rCorr SInv} Stlth
                                 q - amulet of regeneration
HPRegen 2.10/turn                E - ring of willpower
MPRegen 0.22/turn                e - ring "Lausygituw" {Fly MP+9}

@: flying, very slightly contaminated
A: horns 2, retaliatory headbutt, clarity, deterioration 1, fire resistance 1,
low MP 1, weak 1, wild magic 1
a: Renounce Religion, Heroism, Finesse, Duel


You were on level 4 of the Shoals.
You worshipped Okawaru.
Okawaru was exalted by your worship.
You visited 9 branches of the dungeon, and saw 33 of its levels.
You also visited: Sewer, Gauntlet and Volcano.

You collected 3963 gold pieces.
You spent 245 gold pieces at shops.

Inventory:

Hand Weapons
 o - a +5 vampiric triple sword (weapon)
 r - a +5 great sword of electrocution
Missiles
 M - 2 throwing nets
Armour
 c - +6 storm dragon scales (worn) {Bai Suzhen}
 u - a +0 pair of gloves (worn)
 C - the +7 chain mail "Bonal" {rC+ Dex+4}
   (You acquired it on level 6 of the Dungeon)

   Dex:       It affects your dexterity (+4).
   rC:        It protects you from cold.
 H - a +0 cloak (worn)
 W - the +1 pair of boots of Ugrisups (worn) {Contam Regen+ rCorr SInv}
   (Okawaru gifted it to you on level 5 of the Lair of Beasts)

   SInv:      It lets you see invisible.
   Contam:    It causes magical contamination when unequipped.
   Regen:     It increases your rate of health regeneration.
   rCorr:     It protects you from acid and corrosion.
Jewellery
 a - an amulet of the acrobat
 e - the ring "Lausygituw" (right hand) {Fly MP+9}
   (You found it in a Gauntlet)

   [ring of magical power]

   MP:        It affects your magic capacity (+9).
   Fly:       It grants you flight.
 i - a ring of protection from fire
 q - an amulet of regeneration (around neck)
 w - a ring of resist corrosion
 E - a ring of willpower (left hand)
 K - a +5 ring of evasion
Wands
 g - a wand of paralysis (9)
 k - a wand of roots (12)
 m - a wand of flame (4) (quivered)
 s - a wand of quicksilver (23)
 D - a wand of polymorph (16)
 P - a wand of digging (10)
Scrolls
 f - 3 scrolls of blinking
 h - 13 scrolls of teleportation
 j - 5 scrolls of fog
 n - a scroll of silence
 y - 4 scrolls of magic mapping
 G - 3 scrolls of amnesia
 I - 2 scrolls of enchant weapon
 O - a scroll of brand weapon
 X - 4 scrolls of identify
 Y - a scroll of fear
Potions
 b - 4 potions of resistance
 l - a potion of cancellation
 p - a potion of haste
 t - 3 potions of heal wounds
 x - 2 potions of flight
 z - 3 potions of brilliance
 A - 8 potions of curing
 F - 7 potions of might
 J - a potion of mutation
 N - a potion of magic
Miscellaneous
 B - a piece from Xom's chessboard (15/15)
 Q - a tin of tremorstones (2/2)


   Skills:
 - Level 22.0 Fighting
 * Level 22.7 Long Blades
 + Level 13.7 Armour
 - Level 15.5 Dodging
 - Level 8.5 Shields
 + Level 9.1 Invocations
 + Level 5.7 Evocations


You had 17 spell levels left.
You didn't know any spells.
Your spell library contained the following spells:

 Spells                   Type           Power      Damage    Failure   Level
 Apportation              Tloc           0%         N/A       95%         1
 Sandblast                Erth           0%         2d4       95%         1
 Shock                    Conj/Air       0%         1d3       95%         1
 Ensorcelled Hibernation  Hex/Ice        0%         N/A       98%         2
 Passwall                 Tmut/Erth      0%         N/A       98%         2
 Sublimation of Blood     Necr           0%         N/A       98%         2
 Gell's Gravitas          Tloc           0%         N/A       100%        3
 Inner Flame              Hex/Fire       0%         N/A       100%        3
 Kindle Blastsparks       Fire/Tloc/Air  0%         2d10      100%        3
 Ozocubu's Armour         Ice            0%         N/A       100%        3
 Stone Arrow              Conj/Erth      0%         3d7       100%        3
 Swiftness                Air            0%         N/A       100%        3
 Teleport Other           Tloc           0%         N/A       100%        3
 Airstrike                Air            0%         2d(0-16)  100%        4
 Cause Fear               Hex            0%         N/A       100%        4
 Fulminant Prism          Conj/Hex       0%         3d5       100%        4
 Iskenderun's Mystic Bla  Conj/Tloc      0%         2d3       100%        4
 Petrify                  Tmut/Erth      0%         N/A       100%        4
 Alistair's Intoxication  Tmut/Pois      0%         N/A       100%        5
 Blade Hands              Tmut           0%         N/A       100%        5
 Irradiate                Conj/Tmut      0%         3d11      100%        5
 Lee's Rapid Deconstruct  Erth           0%         3d4*      100%        5
 Yara's Violent Unravell  Hex/Tmut       0%         3d3       100%        5
 Dispersal                Tloc           0%         N/A       100%        6
 Eringya's Noxious Bog    Tmut/Pois      0%         N/A       100%        6
 Statue Form              Tmut/Erth      0%         N/A       100%        6
 Enfeeble                 Hex            0%         N/A       100%        7
 Ozocubu's Refrigeration  Ice            0%         4d7       100%        7
 Discord                  Hex            0%         N/A       100%        8


Dungeon Overview and Level Annotations

Branches:
Dungeon (15/15)            Temple (1/1) D:4            Lair (5/5) D:10
 Shoals (4/4) Lair:2       Spider (1/4) Lair:2        Slime (1/5) Lair:4
    Orc (2/2) D:9             Elf (1/3) Orc:2        Vaults (0/5) D:14
 Depths (3/4) D:15          Sewer (visited)         Volcano (visited)
Gauntlet (visited)

Altars:
Ashenzari
Cheibriados
Dithmenos
Elyvilon
Fedhas
Gozag
Hepliaklqana
Kikubaaqudgha
Makhleb
Nemelex Xobeh
Okawaru
Qazlal
Ru
Sif Muna
Trog
Uskayaw
Vehumet
Wu Jian
Xom
Yredelemnul
Zin
The Shining One

Shops:
D:6 (   D:14 (   Orc:1 [   Orc:2 =:::

Portals:
Hell: Depths:1 Depths:2
Pandemonium: Depths:2
Ziggurat: Depths:1
Trove: D:10 (give 19 potions of curing)


Innate Abilities, Weirdness & Mutations

You have a pair of horns on your head.
You reflexively headbutt those who attack you in melee.
You possess an exceptional clarity of mind.
Your body sometimes deteriorates upon taking damage.
Your flesh is heat resistant. (rF+)
Your magical capacity is low. (-10% MP)
You are weak. (Str -2)
Your spells are a little harder to cast, but a little more powerful.


Message History

The water engulfing you falls away.
You gasp with relief as air once again reaches your lungs.
The merfolk hits you but does no damage.
Aiming: Fastroot
Press: ? - help, Q - select action, (/) - cycle Shift-Dir - straight line, f - merfolk
Aim: a merfolk, wielding a +0 trident The roots erupt in riotous growth!
Roots grab the merfolk.
Roots grab the merfolk.
The water nymph is unaffected.
Roots grab the merfolk aquamancer.
The merfolk siren is unaffected.
Roots grab the merfolk aquamancer.
The grasping roots constrict the merfolk aquamancer!
The grasping roots constrict the merfolk.
The grasping roots constrict the merfolk aquamancer!
The grasping roots constrict the merfolk!
You hear an angry hiss.
The merfolk siren chants a haunting song.
You are unaffected.
The merfolk hits you from afar with a +0 trident!
* * * LOW HITPOINT WARNING * * *
The merfolk aquamancer struggles to escape constriction.
The merfolk hits you from afar with a +0 trident!
* * * LOW HITPOINT WARNING * * *
The water nymph gestures at you while chanting.
The water rises up and strikes you.
The merfolk aquamancer struggles to escape constriction.
The merfolk aquamancer gestures at you while chanting.
The shard of ice misses you.
The merfolk siren chants a haunting song.
You are unaffected.
The roots lose their grip on something. x2
The grasping roots constrict the merfolk.
The grasping roots constrict the merfolk!
The roots release their grip on the merfolk.
The merfolk struggles to escape constriction.
The water nymph gestures at you while chanting.
The water rises up and strikes you!!
You die...

≈≈~~~.....~~~~~~~≈≈≈≈≈≈≈≈≈≈≈≈~#
≈≈~~~~~...~~~~~~~≈≈≈≈≈≈≈≈≈≈m≈≈~
≈≈≈≈~~~~..~~~~~~~≈≈≈≈≈≈≈≈≈≈≈≈≈≈
≈≈≈≈~~~~~....~~~~~≈≈≈m≈≈≈≈≈≈≈≈≈
≈≈≈≈~~~~~....~~~~~m≈≈≈≈≈≈≈≈≈≈≈≈
≈≈≈≈~~~~~.#.~#~~~~m≈≈≈~~~~≈≈≈≈~
≈≈≈≈~~~~~.#######mmmm~~~~~~~~~#
≈≈≈≈~~~~###.###~~##~~~~~~~~~~~
≈≈≈≈≈~~~.#.~~≈~(@#~~~~....~~~
≈≈≈≈≈≈~~###~#~#~~##~~~......~
≈≈≈≈≈≈≈~~#~≈~~~≈~#~~~...)....~
≈≈≈≈≈≈≈~###~#~#~###~~........~
≈≈≈≈≈≈≈~##~)~≈~~~##~........~~##
≈≈≈≈≈≈≈~##†~~#~~###........~~~~~#
≈≈≈≈≈≈≈≈~=#######~........~~~~~~~
≈≈≈≈≈≈≈≈≈~#~####~.......~~~~~~~..
≈≈≈≈≈≈≈≈≈≈=~...........~~~~~~~...


You could see 2 merfolk and a water nymph.

Vanquished Creatures
  Bai Suzhen (Depths:1)
  A tentacled monstrosity (Depths:2)
  A lich (Depths:1)
  Rupert (Lair:3)
  2 sphinxes
  4 tengu reavers
  A storm dragon (Depths:2)
  Ilsuiw (Shoals:4)
  An azure jelly (Slime:1)
  4 frost giants
  A fire giant (Depths:2)
  Aizul (Depths:1)
  8 very ugly things
  4 stone giants
  Nessos (D:12)
  2 vampire knights
  A red draconian (Volcano)
  A spark wasp (Depths:2)
  A minotaur (Gauntlet)
  A merfolk javelineer (Shoals:4)
  6 ettins
  Josephine (D:12)
  5 fire dragons
  Snorg (Orc:1)
  5 ice dragons
  A deep elf high priest (D:12)
  3 merfolk impalers
  6 rakshasas
  6 hydras
  3 catoblepae
  5 merfolk avatars
  3 boulder beetles
  7 two-headed ogres
  3 merfolk aquamancers
  7 centaur warriors
  2 alligator snapping turtles
  3 deep troll shamans
  A death knight (D:12)
  3 satyrs
  5 tengu warriors
  An orc high priest (Orc:2)
  A deep troll earth mage (Depths:1)
  A hell knight (Depths:2)
  3 spriggan berserkers (Depths:2)
  7 death yaks
  Sonja (Lair:3)
  2 iron trolls
  5 sun demons
  A fire crab (Lair:5)
  3 glowing orange brains
  A salamander mystic (Volcano)
  4 sixfirhies
  6 skysharks
  5 deep trolls
  Pikel (D:5)
  3 orc knights
  2 flayed ghosts (Depths:2)
  5 deep elf pyromancers
  12 sea snakes
  2 lindwurms (Lair:5)
  3 wizards
  4 necromancers
  14 harpies
  12 fauns
  2 deep elf zephyrmancers
  5 orc sorcerers
  3 cyclopes
  2 oklob plants
  7 ugly things
  15 manticores
  6 salamanders (Volcano)
  A water nymph (shapeshifter) (Depths:2)
  6 elephants
  6 black mambas
  3 merfolk sirens
  Joseph (D:9)
  Maurice (D:12)
  A torpor snail (Lair:5)
  3 water nymphs
  A smoke demon (Depths:3)
  4 unseen horrors
  7 rime drakes
  2 yaktaurs (D:12)
  Psyche (D:11)
  3 efreet
  8 cane toads
  11 komodo dragons
  A spriggan skeleton (Depths:1)
  3 tengu conjurers
  11 polar bears
  5 trolls
  4 wind drakes
  15 merfolk
  3 hornets
  3 raiju (Lair:5)
  14 dream sheep
  7 snapping turtles
  A tarantella (Spider:1)
  17 blink frogs
  A culicivora (Lair:2)
  A fire giant simulacrum (Depths:1)
  4 slime creatures
  A vampire (D:13)
  18 water elementals
  6 wraiths
  36 yaks
  9 wyverns
  5 redbacks
  3 basilisks
  A steam dragon (Shoals:1)
  10 vampire mosquitoes
  A spriggan simulacrum (Depths:1)
  9 wargs
  2 acid dragons
  14 hell hounds (Lair:5)
  15 water moccasins
  11 black bears (Lair:5)
  2 ice beasts (D:6)
  A sky beast (D:8)
  26 orc warriors
  25 wolves
  5 ogres
  A boggart (D:15)
  9 centaurs
  2 lemures (D:5)
  A phantom (D:6)
  A kobold brigand (D:7)
  3 gnoll sergeants
  15 bullfrogs
  2 scorpions
  9 wights
  18 killer bees
  4 hounds
  4 jellies
  30 orc priests
  4 iguanas
  A gnoll bouda (D:7)
  6 hell rats (Lair:4)
  Natasha (thrice) (D:4)
  Terence (D:2)
  48 orc wizards
  Robin (D:2)
  13 adders
  29 gnolls
  3 white imps
  An ufetubus (D:6)
  4 worms
  2 dart slugs (D:2)
  103 orcs
  8 bats
  15 endoplasms
  7 giant cockroaches
  33 hobgoblins
  15 quokkas
  13 ball pythons
  12 frilled lizards
  40 goblins
  16 kobolds
  9 rats
1088 creatures vanquished.

Vanquished Creatures (others)
  A merfolk aquamancer (Shoals:3)
  A human (D:9)
  An orc (Orc:2)
  27 fungi
  126 plants
  26 withered plants (Gauntlet)
182 creatures vanquished.

Grand Total: 1270 creatures vanquished

Notes
Turn   | Place    | Note
-------+----------+-------------------------------------------
     0 | D:1      | pener the Minotaur Fighter began the quest for the Orb.
     0 | D:1      | Reached XP level 1. HP: 19/19 MP: 0/0
   171 | D:1      | Reached XP level 2. HP: 26/26 MP: 1/1
   657 | D:1      | Found a faded altar of an unknown god.
   657 | D:1      | Found a faded altar of an unknown god.
   769 | D:2      | Reached XP level 3. HP: 23/31 MP: 2/2
   887 | D:2      | Noticed Terence
   894 | D:2      | Killed Terence
   895 | D:2      | Reached skill level 5 in Long Blades
   895 | D:2      | Reached XP level 4. HP: 31/39 MP: 3/3
  1242 | D:2      | Noticed Robin
  1267 | D:2      | Killed Robin
  1713 | D:3      | Identified 2 scrolls of acquirement
  1713 | D:3      | Acquired a +0 vampiric triple sword
  1715 | D:3      | Acquired a manual of Dodging
  1845 | D:3      | Reached XP level 5. HP: 30/45 MP: 4/4
  2144 | D:3      | Acquired 843 gold pieces
  2713 | D:4      | Found a glowing drain.
  2728 | Sewer    | Entered a sewer
  2784 | Sewer    | Reached XP level 6. HP: 51/51 MP: 5/5
  3056 | D:4      | Found a staircase to the Ecumenical Temple.
  3067 | Temple   | Entered the Ecumenical Temple
  3424 | D:4      | Reached XP level 7. HP: 51/57 MP: 6/6
  3432 | D:4      | Noticed Natasha
  3433 | D:4      | Found an ornate altar of the Wu Jian Council.
  3442 | D:4      | Killed Natasha
  3700 | D:4      | Noticed Natasha
  3711 | D:4      | Killed Natasha
  3971 | D:4      | Noticed Natasha
  3983 | D:4      | Killed Natasha
  4177 | D:5      | Entered Level 5 of the Dungeon
  4198 | D:5      | Gained mutation: You are frail. (-10% HP) [potion of
                  | mutation]
  4198 | D:5      | Gained mutation: Your spells are a little harder to cast,
                  | but a little more powerful. [potion of mutation]
  4199 | D:5      | Lost mutation: Your spells are a little harder to cast, but
                  | a little more powerful. [potion of mutation]
  4199 | D:5      | Lost mutation: You are frail. (-10% HP) [potion of
                  | mutation]
  4199 | D:5      | Gained mutation: You are clumsy. (Dex -2) [potion of
                  | mutation]
  4199 | D:5      | Gained mutation: You have large cloven feet. [potion of
                  | mutation]
  4199 | D:5      | Gained mutation: You are partially covered in iridescent
                  | scales. (AC +2) [potion of mutation]
  4212 | D:5      | Lost mutation: You are clumsy. (Dex -2) [potion of
                  | mutation]
  4212 | D:5      | Lost mutation: You are partially covered in iridescent
                  | scales. (AC +2) [potion of mutation]
  4212 | D:5      | Lost mutation: You have large cloven feet. [potion of
                  | mutation]
  4212 | D:5      | Gained mutation: Your muscles are strong. (Str +4, Int/Dex
                  | -1) [potion of mutation]
  4212 | D:5      | Gained mutation: Your flesh is cold resistant. (rC+)
                  | [potion of mutation]
  4276 | D:5      | HP: 2/85 [poisoned by a water moccasin]
  4282 | D:5      | Reached skill level 10 in Long Blades
  4696 | D:5      | Reached XP level 8. HP: 64/64 MP: 7/7
  5198 | D:5      | Noticed Pikel
  5226 | D:5      | Killed Pikel
  5670 | D:6      | Reached XP level 9. HP: 70/70 MP: 8/8
  6097 | D:6      | Found Xykoneyl's Antique Weapon Boutique.
  6165 | D:6      | Acquired the +7 chain mail "Bonal" {rC+ Dex+4}
  6768 | D:7      | Reached skill level 15 in Long Blades
  6847 | D:7      | Found an iron altar of Okawaru.
  6859 | D:7      | Became a worshipper of Warmaster Okawaru
  6907 | D:7      | Found an opulent altar of Gozag.
  6935 | D:7      | Found a broken altar of Ashenzari.
  7455 | D:7      | Found a burning altar of Makhleb.
  7762 | D:8      | Noticed a two-headed ogre
  7769 | D:8      | Killed a two-headed ogre
  7769 | D:8      | Reached * piety under Okawaru
  7770 | D:8      | Reached XP level 10. HP: 71/80 MP: 9/9
  7810 | D:8      | Found a basalt altar of Yredelemnul.
  7922 | D:8      | Found a runed translucent door.
  7922 | D:8      | Noticed a sixfirhy
  7937 | D:8      | Killed a sixfirhy
  7938 | D:8      | Reached skill level 5 in Fighting
  7938 | D:8      | Reached skill level 5 in Armour
  7938 | D:8      | Reached skill level 5 in Shields
  7938 | D:8      | Reached skill level 1 in Invocations
  8125 | D:8      | Reached ** piety under Okawaru
  8220 | D:8      | Found a shimmering blue altar of Sif Muna.
  8819 | D:9      | Noticed Joseph
  8834 | D:9      | Killed Joseph
  8980 | D:9      | Found a staircase to the Orcish Mines.
  9045 | D:9      | Found an ancient bone altar of Kikubaaqudgha.
  9330 | Orc:1    | Entered Level 1 of the Orcish Mines
  9434 | Orc:1    | Noticed Snorg
  9448 | Orc:1    | Killed Snorg
  9448 | Orc:1    | Reached *** piety under Okawaru
  9449 | Orc:1    | Reached XP level 11. HP: 53/91 MP: 9/12
  9450 | Orc:1    | Noticed an orc knight
  9520 | D:9      | Killed an orc knight
  9686 | Orc:1    | Found Ekeit's Armour Shop.
  9751 | Orc:2    | Entered Level 2 of the Orcish Mines
  9751 | Orc:2    | Found a staircase to the Elven Halls.
  9839 | Orc:1    | Reached **** piety under Okawaru
  9898 | Orc:2    | Noticed an orc knight
  9920 | Orc:2    | Killed an orc knight
  9940 | Orc:2    | Noticed a two-headed ogre
  9949 | Orc:2    | Killed a two-headed ogre
 10078 | Orc:2    | Noticed an orc sorcerer
 10119 | Orc:2    | Killed an orc sorcerer
 10179 | Orc:2    | Noticed an orc sorcerer
 10187 | Orc:2    | Killed an orc sorcerer
 10204 | Orc:2    | Noticed an orc sorcerer
 10207 | Orc:2    | Killed an orc sorcerer
 10214 | Orc:2    | Found Farypt's Book Shoppe.
 10214 | Orc:2    | Found Caycer's Jewellery Shoppe.
 10214 | Orc:2    | Found Ulaets's Book Emporium.
 10214 | Orc:2    | Found Dawiw's Book Emporium.
 10232 | Orc:2    | Noticed an orc high priest
 10235 | Orc:2    | Bought a ring of flight for 245 gold pieces
 10238 | Orc:2    | Noticed a sun demon
 10238 | Orc:2    | Noticed a soul eater
 10321 | Orc:2    | Killed an orc high priest
 10435 | Orc:2    | Found a dark tunnel.
 10448 | Orc:2    | Found a burning altar of Makhleb.
 10494 | Volcano  | Entered a volcano
 10510 | Volcano  | Noticed a salamander mystic
 10528 | Volcano  | Killed a salamander mystic
 10539 | Volcano  | Found a bloodstained altar of Trog.
 10543 | Volcano  | Noticed a red draconian
 10567 | Volcano  | Reached XP level 12. HP: 104/104 MP: 10/13
 10587 | Volcano  | Killed a red draconian
 10629 | Volcano  | Reached skill level 10 in Fighting
 10754 | Orc:2    | Paralysed by an orc sorcerer for 3 turns
 10811 | Elf:1    | Entered Level 1 of the Elven Halls
 10869 | D:10     | Entered Level 10 of the Dungeon
 10889 | D:10     | Reached ***** piety under Okawaru
 10899 | D:10     | Found a portal to a secret trove of treasure.
 10994 | D:10     | Reached skill level 1 in Dodging
 10994 | D:10     | Found a staircase to the Lair.
 11020 | Lair:1   | Entered Level 1 of the Lair of Beasts
 11193 | Lair:1   | Lost mutation: Your muscles are strong. (Str +4, Int/Dex
                  | -1) [potion of mutation]
 11193 | Lair:1   | Lost mutation: Your flesh is cold resistant. (rC+) [potion
                  | of mutation]
 11193 | Lair:1   | Gained mutation: Your flesh is heat resistant. (rF+)
                  | [potion of mutation]
 11193 | Lair:1   | Gained mutation: Your spells are a little harder to cast,
                  | but a little more powerful. [potion of mutation]
 11193 | Lair:1   | Gained mutation: You are resistant to electric shocks.
                  | (rElec) [potion of mutation]
 11193 | Lair:1   | Gained mutation: Your spells are harder to cast, but more
                  | powerful. [potion of mutation]
 11200 | Lair:1   | Lost mutation: You are resistant to electric shocks.
                  | (rElec) [potion of mutation]
 11200 | Lair:1   | Lost mutation: Your spells are harder to cast, but more
                  | powerful. [potion of mutation]
 11200 | Lair:1   | Gained mutation: Your magical capacity is low. (-10% MP)
                  | [potion of mutation]
 11200 | Lair:1   | Gained mutation: You possess an exceptional clarity of
                  | mind. [potion of mutation]
 11246 | Lair:1   | Identified the +2 robe of Sin {rPois rCorr Str-5}
 11376 | Lair:1   | Reached skill level 5 in Invocations
 11475 | Lair:1   | Received a gift from Okawaru
 11614 | Lair:2   | Reached skill level 5 in Dodging
 11865 | Lair:2   | Reached XP level 13. HP: 116/116 MP: 14/14
 11868 | Lair:2   | Found a staircase to the Shoals.
 11913 | Shoals:1 | Entered Level 1 of the Shoals
 12338 | Lair:2   | Found a hole to the Spider Nest.
 12384 | Spider:1 | Entered Level 1 of the Spider Nest
 13087 | Lair:3   | Noticed Rupert
 13124 | Lair:3   | Killed Rupert
 13264 | Lair:3   | Noticed Sonja
 13279 | Lair:3   | Killed Sonja
 13959 | Lair:4   | Reached skill level 10 in Dodging
 14384 | Lair:4   | Found a staircase to the Slime Pits.
 14937 | Lair:5   | Entered Level 5 of the Lair of Beasts
 15040 | Lair:5   | Reached XP level 14. HP: 119/127 MP: 15/15
 15158 | Lair:5   | Received a gift from Okawaru
 15523 | Lair:5   | Reached skill level 15 in Fighting
 15557 | Lair:5   | Identified the +1 chain mail "Ciholl" {-Tele Rampage rF+}
 15646 | Lair:5   | Identified the +1 pair of boots of Ugrisups {Contam Regen+
                  | rCorr SInv} (Okawaru gifted it to you on level 5 of the
                  | Lair of Beasts)
 15646 | Lair:5   | Received a gift from Okawaru
 16373 | Lair:5   | Identified the +1 glaive of the Fray {heavy, Str+4 Int+2
                  | Dex-4}
 16513 | Slime:1  | Entered Level 1 of the Pits of Slime
 16513 | Slime:1  | Noticed an azure jelly
 16524 | Slime:1  | Noticed an azure jelly
 16525 | Slime:1  | Killed an azure jelly
 16528 | Slime:1  | Noticed an acid blob
 16661 | D:10     | Found a stormy altar of Qazlal.
 16662 | D:10     | Found a bloodstained altar of Trog.
 16663 | D:10     | Found a shimmering altar of Xom.
 16663 | D:10     | Found a sparkling altar of Nemelex Xobeh.
 16727 | D:10     | Found a sacrificial altar of Ru.
 16774 | D:10     | Found a shadowy altar of Dithmenos.
 16899 | D:10     | Reached ****** piety under Okawaru
 16900 | D:10     | Reached XP level 15. HP: 147/147 MP: 17/17
 17395 | D:11     | Noticed Psyche
 17406 | D:11     | Killed Psyche
 17747 | D:12     | Identified the +6 chain mail of Majestic Birdsong {rF+ MP+9
                  | Dex-4 Slay+3} (Okawaru gifted it to you on level 12 of the
                  | Dungeon)
 17747 | D:12     | Received a gift from Okawaru
 17814 | D:12     | Identified the +1 trident of Evefej {freeze, rPois Will+
                  | Int-2 Dex+6}
 17841 | D:12     | Noticed Josephine
 17855 | D:12     | Killed Josephine
 17922 | D:12     | Found a gate leading to a gauntlet.
 17937 | Gauntlet | Entered a Gauntlet
 17937 | Gauntlet | Found a transporter.
 17937 | Gauntlet | Found a transporter.
 17939 | Gauntlet | Found a transporter.
 17940 | Gauntlet | Found a transporter.
 17970 | Gauntlet | Found a transporter.
 17971 | Gauntlet | Found a transporter.
 17973 | Gauntlet | Found a transporter.
 17973 | Gauntlet | Found a transporter.
 17984 | Gauntlet | Found a transporter.
 17999 | Gauntlet | Found a runed translucent door.
 18000 | Gauntlet | Found a transporter.
 18001 | Gauntlet | Found a runed translucent door.
 18011 | Gauntlet | Found a transporter.
 18015 | Gauntlet | Found a runed translucent door.
 18023 | Gauntlet | Found a transporter.
 18057 | Gauntlet | Found a transporter.
 18069 | Gauntlet | Found a transporter.
 18189 | Gauntlet | Identified the ring "Lausygituw" {Fly MP+9}
 18227 | Gauntlet | Got the Folio of Transfiguration
 18284 | D:12     | Noticed Maurice
 18296 | D:12     | Killed Maurice
 18301 | D:12     | Noticed Nessos
 18318 | D:12     | Killed Nessos
 18423 | D:12     | Noticed a tengu reaver
 18447 | D:12     | Killed a tengu reaver
 18493 | D:12     | Noticed a tengu reaver
 18510 | D:12     | Killed a tengu reaver
 19494 | D:14     | Identified the +0 chain mail of Ryqomer {Drain rC+ Int+3}
 19622 | D:14     | Reached skill level 1 in Evocations
 19643 | D:14     | Found a gate to the Vaults.
 19764 | D:14     | Identified the +2 triple sword of Anger {pain, Dex+3}
                  | (Okawaru gifted it to you on level 14 of the Dungeon)
 19764 | D:14     | Received a gift from Okawaru
 19779 | D:14     | Found Elygiomn's Weapon Emporium.
 19826 | D:14     | Found a glowing golden altar of the Shining One.
 19964 | D:14     | Found a sparkling altar of Nemelex Xobeh.
 20170 | D:15     | Entered Level 15 of the Dungeon
 20260 | D:15     | Found a staircase to the Depths.
 20707 | D:15     | Reached XP level 16. HP: 145/159 MP: 18/18
 20820 | D:15     | Reached skill level 10 in Armour
 21211 | Depths:1 | Entered Level 1 of the Depths
 21568 | Depths:1 | Noticed Aizul
 21578 | Depths:1 | Killed Aizul
 21671 | Depths:1 | Noticed a sphinx
 21699 | Depths:1 | Killed a sphinx
 21808 | Depths:1 | Found a one-way gateway to a ziggurat.
 21863 | Depths:1 | Found a hide-covered altar of Uskayaw.
 21874 | Depths:1 | Found a gateway to Hell.
 22019 | Depths:1 | Noticed Bai Suzhen
 22053 | Depths:1 | Killed Bai Suzhen
 22053 | Depths:1 | Received a gift from Okawaru
 22138 | Depths:1 | Noticed a lich
 22164 | Depths:1 | Killed a lich
 22798 | Depths:2 | Identified the +1 ring mail of Trial and Error {*Slow rF+++
                  | rC++ Str-5} (Okawaru gifted it to you on level 2 of the
                  | Depths)
 22798 | Depths:2 | Received a gift from Okawaru
 22956 | Depths:2 | Noticed a tengu reaver
 22966 | Depths:2 | Killed a tengu reaver
 23424 | Depths:2 | Noticed a tentacled monstrosity
 23448 | Depths:2 | Killed a tentacled monstrosity
 23449 | Depths:2 | Reached XP level 17. HP: 162/172 MP: 19/19
 23754 | Depths:2 | Found a one-way gate leading to the halls of Pandemonium.
 23810 | Depths:2 | Received a gift from Okawaru
 24287 | Depths:2 | Reached skill level 15 in Dodging
 24483 | Depths:2 | Identified the +1 robe of the Clean God {rF+ Will++}
                  | (Okawaru gifted it to you on level 2 of the Depths)
 24483 | Depths:2 | Received a gift from Okawaru
 25566 | Shoals:2 | Identified the +2 ring mail "Umoiny" {Str+3 Stlth+}
 25928 | Shoals:4 | Entered Level 4 of the Shoals
 25956 | Shoals:4 | Noticed Ilsuiw
 26331 | Shoals:3 | Reached skill level 5 in Evocations
 26469 | Shoals:4 | Received a gift from Okawaru
 26707 | Shoals:4 | Killed Ilsuiw
 26916 | Shoals:4 | Reached XP level 18. HP: 184/184 MP: 21/21
 26929 | Shoals:4 | Gained mutation: You are weak. (Str -2) [mutagenic glow]
 27003 | Shoals:4 | Gained mutation: Your body sometimes deteriorates upon
                  | taking damage. [mutagenic glow]
 27053 | Shoals:4 | Killed from afar by a water nymph

Illustrated notes

Levels and vault maps discovered:
D:1:      evilmike_arrival_crescent, layout_basic,
          hellmonk_ecumenical_altar_the_god_not_taken, nrook_campfire
D:2:      layout_basic, serial_bayou_pond_c, minmay_pentomino_r4, uniq_terence,
          uniq_robin
D:3:      layout_loops_ring, hangedman_decor_clover_reticule, minmay_quantized
D:4:      layout_layer_cave, nzn_wu_jian_council_hall,
          minmay_temple_entry_trees, gup_sewer_entry_pipe, uniq_natasha
D:5:      minmay_goblin_kobold_castle, layout_loops_corners, st_stairs_14,
          kennysheep_generic_room_11, uniq_pikel
D:6:      layout_basic, serial_shops, nicolae_shop_statue_plus,
          nicolae_elevator_lobby_plus
D:7:      layout_rooms, mainiacjoe_overflow_paths, okawaru_altar_gauntlet_db,
          nicolae_ashenzari_panopticon, mainiacjoe_overflow_24_doors
D:8:      cheibrodos_shockbox, layout_basic, yredelemnul_altar_generic,
          old_standard_altar
D:9:      layout_cave_pods, tgw_kikubaaqudgha, orc_0_dummy, uniq_joseph
D:10:     layout_gridville, hangedman_ru_absence,
          nicolae_dithmenos_shadow_blocks, mainiacjoe_overflow_alcove_3,
          erik_lair_orcish_takeover, enter_trove_0
D:11:     layout_long_grid, uniq_psyche
D:12:     minmay_bad_star, layout_rooms, gauntlet_entry_generic,
          kennysheep_generic_room_9, uniq_nessos, uniq_maurice, uniq_josephine
D:13:     layout_roguey [special_room_orc]
D:14:     layout_roguey, david_vaults_1, nicolae_tso_swordbearing_angel,
          serial_shops, shop, nemelex_lonely_heart_becter
D:15:     hangedman_depths_entry_civil_slaughter, layout_loops_corners,
          hangedman_decor_growths, st_stairs_8, minivault_1
Temple:   nicolae_temple_colour_theory
Lair:1:   layout_roguey, grunt_megastairs_3, infiniplex_staircase_pool_2
Lair:2:   dpeg_oklob_gauntlet, layout_concentric_octagons,
          elwin_shoals_entry_rooms, spider_nest_entry_rubble
Lair:3:   layout_regular_city, serial_bayou_shore_a, serial_bayou_shore_b,
          uniq_rupert, uniq_sonja
Lair:4:   layout_concentric_octagons, slime_entry_1, beast_lair_carwin_9
Lair:5:   hangedman_lair_in_review, layout_long_grid,
          hangedman_lair_caniforms_friends, nicolae_lair_yak_garden
Shoals:1: layout_shoals, nicolae_shoals_siren_and_animal_friends
Shoals:2: layout_shoals
Shoals:3: layout_shoals
Shoals:4: shoals_end_grunt_ice, layout_shoals, shoal_ilsuiw
Spider:1: layout_cave_pods, nicolae_spider_webs_and_nodes
Slime:1:  layout_caves, basic_altar
Orc:1:    layout_diamond_mine, serial_shops, shop_fountains, uniq_snorg
Orc:2:    st_orc_mages, layout_caves, enter_volcano_1, bloody_makhleb
Elf:1:    layout_geoelf_grid, orc_legates
Depths:1: layout_honeycomb, enter_ziggurat_a, hell_entry,
          chequers_serial_rivers_micro_a, nicolae_uskayaw_dance_hall,
          uniq_aizul, uniq_bai_suzhen
Depths:2: hangedman_arch_fort, layout_basic, pan_entry, pf_hell_entry_tar_spiral
Depths:3: kennysheep_treasure_stockpile, layout_cave_shapes, abyss_entry,
          hellmouth_3, roderic_roman_lattice

Skill      XL: |  1  2  3  4  5  6  7  8  9 10 11 12 13 14 15 16 17 |
---------------+----------------------------------------------------+-----
Long Blades    | 3 4 5 6 7 9 11 14 16 17 19 20 22 | 22.7
Fighting       | 4 6 9 11 12 17 18 20 22 | 22.0
Armour         | 4 6 7 9 11 13 | 13.7
Shields        | 4 6 7 8 |  8.5
Invocations    | 3 5 6 7 8 9 |  9.1
Dodging        | 5 10 11 13 14 15 | 15.5
Evocations     | 2 4 5 |  5.7

Action                     |  1- 3 |  4- 6 |  7- 9 | 10-12 | 13-15 | 16-18 || total
---------------------------+-------+-------+-------+-------+-------+-------++-------
  Melee: Long sword        |    68 |   158 |       |       |       |       ||   226
         Headbutt          |    11 |    33 |    34 |   125 |   296 |   300 ||   799
         Triple sword      |       |    96 |   391 |   624 |  1026 |  1039 ||  3176
         Great sword       |       |       |       |       |   173 |    37 ||   210
  Throw: Boomerang         |       |       |       |    21 |    12 |       ||    33
         Throwing net      |       |       |       |     3 |       |       ||     3
         Javelin           |       |       |       |       |    15 |    10 ||    25
 Invoke: Heroism           |       |       |       |    24 |    22 |     8 ||    54
         Finesse           |       |       |       |       |     3 |     1 ||     4
  Evoke: Wand              |       |       |     6 |    15 |     5 |    26 ||    52
    Use: Scroll            |       |    10 |    10 |     6 |    10 |     6 ||    42
         Potion            |       |     1 |    11 |     4 |     6 |     5 ||    27
   Stab: Petrified         |       |       |       |       |     4 |       ||     4
         Invisible         |       |       |       |       |       |     2 ||     2
 Armour: Scale mail        |    29 |   129 |   155 |       |       |       ||   313
         Skin              |       |       |     3 |     1 |       |       ||     4
         Chain mail        |       |       |    62 |   431 |   609 |    99 ||  1201
         Storm dragon scal |       |       |       |       |       |   376 ||   376
  Dodge: Dodged            |    43 |   123 |   209 |   244 |   699 |   557 ||  1875
  Block: Buckler           |    13 |    33 |       |       |       |       ||    46

Table legend: (Time is in decaauts)
 A = Elapsed time spent in this place.
 B = Non-inter-level travel time spent in this place.
 C = Inter-level travel time spent in this place.
 D = Time resting spent in this place.
 E = Time spent auto-exploring this place.
 F = Levels seen in this place.
 G = Mean time per level.
                   A        B        C        D        E       F      G
               +--------+--------+--------+--------+--------+-----+--------+
         Total |  26482 |  25314 |   1168 |    980 |   9668 |  36 |  735.6 |
       Dungeon |  13472 |  12861 |    611 |     80 |   7110 |  15 |  898.1 |
        Temple |    177 |    177 |      0 |    100 |      0 |   1 |  177.0 |
          Lair |   5253 |   4893 |    360 |    159 |   1921 |   5 | 1050.6 |
        Shoals |   2186 |   2185 |      1 |    125 |      0 |   4 |  546.5 |
   Spider Nest |     39 |     39 |      0 |      0 |      0 |   1 |   39.0 |
    Slime Pits |     15 |     15 |      0 |      0 |      0 |   1 |   15.0 |
  Orcish Mines |   1202 |   1180 |     22 |     29 |      0 |   2 |  601.0 |
   Elven Halls |     10 |     10 |      0 |      0 |      0 |   1 |   10.0 |
        Depths |   3280 |   3109 |    171 |    487 |    629 |   3 | 1093.3 |
         Sewer |    372 |    372 |      0 |      0 |      7 |   1 |  372.0 |
       Volcano |    185 |    185 |      0 |      0 |      0 |   1 |  185.0 |
      Gauntlet |    289 |    289 |      0 |      0 |      0 |   1 |  289.0 |
               +--------+--------+--------+--------+--------+-----+--------+

Top non-repeatable levels by time:
Depths:2: 1797 daAuts
Depths:1: 1407 daAuts
  Lair:5: 1384 daAuts
     D:5: 1381 daAuts
     D:4: 1284 daAuts
  Lair:2: 1243 daAuts
     D:6: 1219 daAuts
  Lair:4: 1170 daAuts
    D:15: 1043 daAuts
     D:2: 958 daAuts
  Lair:3: 938 daAuts
     D:9: 931 daAuts
     D:8: 917 daAuts
Shoals:3: 813 daAuts
     D:3: 812 daAuts
